 Dungeon Sprint DCSS version 0.19.0-24-gb05acd6 (webtiles) character file.

1300000 igo the Slayer (level 16, -16/170 HPs)
             Began as a Ghoul Warper on Nov 22, 2016.
             Was a Believer of Makhleb.
             Demolished by a meat berserker
             ... wielding a +9 battleaxe
              (40 damage)
             ... in the Dungeon (Sprint VIII: "Arena of Blood").
             The game lasted 00:00:38 (13 turns).

igo the Slayer (Ghoul Warper)                         Turns: 13, Time: 00:00:39

Health: -16/170    AC:  4    Str: 18    XL:     16   Next: 7%
Magic:  2/39       EV: 21    Int: 11    God:    Makhleb [**....]
Gold:   0          SH:  0    Dex:  9    Spells: 0 memorised, 56 levels left

rFire  . . .     SeeInvis .     l - +∞ Axe of Woe
rCold  + . .     Gourm    .     b - +0 leather armour
rNeg   + + +     Faith    .     (shield currently unavailable)
rPois  ∞         Spirit   .     (no helmet)
rElec  .         Reflect  .     (no cloak)
rCorr  .         Harm     .     (no gloves)
MR     +....     NoTele   +     (no boots)
Stlth  +.........               (no amulet)
                                (no ring)
                                (no ring)

@: rotting
A: rotting body, claws 1, carnivore 3, cold resistance 1, negative energy
resistance 3, slow regeneration 1, torment resistance, unbreathing
a: Minor Destruction, Renounce Religion


You were in the Dungeon.
You worshipped Makhleb.
Makhleb was pleased with you.
You were not hungry.

You visited 1 branch

Inventory:

Hand Weapons
 a - a +0 hand axe
 l - the +∞ Axe of Woe (weapon)
   (You found it in the Dungeon)
Missiles
 e - 5 tomahawks of dispersal (quivered)
Armour
 b - a +0 leather armour (worn)
Scrolls
 d - 2 scrolls of blinking
Potions
 g - a potion of curing
 h - a potion of heal wounds
 i - a potion of haste
 j - 2 potions of magic
 k - a potion of berserk rage
Books
 c - a book of Spatial Translocations

   Spells                             Type                      Level
   a - Blink                          Translocation                2
   b - Shroud of Golubria             Charms/Translocation         2
   c - Lesser Beckoning               Translocation                3
   d - Portal Projectile              Translocation                3
   e - Teleport Other                 Translocation                3
   f - Passage of Golubria            Translocation                4
Comestibles
 f - a meat ration


   Skills:
 + Level 22.3 Fighting
 + Level 20.5 Axes
 + Level 2.5 Throwing
 + Level 9.1 Armour
 + Level 18.7 Dodging
 + Level 20.5 Spellcasting
   Level 2.6 Translocations


You had 56 spell levels left.
You didn't know any spells.

Dungeon Overview and Level Annotations

Branches:
Dungeon (1/1)

Altars:
Makhleb


Innate Abilities, Weirdness & Mutations

Your body is rotting away.
You thrive on raw meat.
You are immune to poison.
You have sharp fingernails.
You are carnivorous and can eat meat at any time.
Your flesh is cold resistant. (rC+)
You are immune to negative energy. (rN+++)
You regenerate slowly when monsters are visible.
You are immune to unholy pain and torment.
You can survive without breathing.


Message History

You kill the meat berserker!
Makhleb accepts your kill.
You can now harness Makhleb's destructive might.
Your Fighting skill gained 2 levels and is now at level 22!
Your Axes skill gained 2 levels and is now at level 20!
Your Armour skill increases to level 9!
Your Dodging skill increases to level 18!
Your Spellcasting skill increases to level 20!
You have reached level 16!
You hear a shout! x4
The meat berserker rages.
The bag of meat moves out of view.
You hear a shout!
The meat berserker misses you.
You hear a shout!
The meat berserker hits you with a +9 battleaxe!
* * * LOW HITPOINT WARNING * * *
You hear a shout!
The meat berserker hits you with a +9 battleaxe!!!
You die...

.####oo...##.#
#o.....oo......
#....oo...o#.#..
#.....o......... .
#....o.........
...#.oCoo........
......oO).....o..
...o..O@)........
......O#o......#
.#.....#..o....#
.....###.......###.
..........###......
o.#........_.......
# ......#.....#....
....o..#_.<._# .
......#.....#


You could see a large bag of meat (inner flame), 3 meat berserkers and 19 bags
of meat.

Vanquished Creatures
  2 ogres (D)
  3 orcs (D)
5 creatures vanquished.

Notes
Turn   | Place    | Note
-------+----------+-------------------------------------------
     0 | D        | igo the Ghoul Warper began the quest for the Orb.
     0 | D        | Reached XP level 1. HP: 17/17 MP: 2/2
     4 | D        | Became a worshipper of Makhleb the Destroyer
     5 | D        | Noticed a meat berserker
     6 | D        | Noticed a bag of meat
     6 | D        | Noticed a bag of meat
     8 | D        | Noticed a bag of meat
     9 | D        | Noticed a bag of meat
     9 | D        | Noticed a bag of meat
     9 | D        | Noticed a bag of meat
    10 | D        | Noticed a bag of meat
    10 | D        | Noticed a bag of meat
    10 | D        | Noticed a large bag of meat
    10 | D        | Noticed a bag of meat
    10 | D        | Noticed a meat berserker
    11 | D        | Noticed a bag of meat
    11 | D        | Noticed a bag of meat
    11 | D        | Noticed a meat berserker
    11 | D        | Noticed a meat berserker
    12 | D        | Noticed a bag of meat
    12 | D        | Noticed a bag of meat
    12 | D        | Killed a bag of meat
    12 | D        | Reached skill level 14 in Fighting
    12 | D        | Reached XP level 2. HP: 47/47 MP: 2/15
    12 | D        | Reached XP level 3. HP: 53/53 MP: 2/17
    12 | D        | Reached XP level 4. HP: 61/61 MP: 2/18
    12 | D        | Reached XP level 5. HP: 68/68 MP: 2/20
    12 | D        | Reached XP level 6. HP: 75/75 MP: 2/21
    12 | D        | Reached XP level 7. HP: 82/82 MP: 2/23
    12 | D        | Reached XP level 8. HP: 90/90 MP: 2/24
    12 | D        | Reached XP level 9. HP: 96/96 MP: 2/25
    12 | D        | Reached XP level 10. HP: 104/104 MP: 2/26
    12 | D        | Reached XP level 11. HP: 111/111 MP: 2/27
    12 | D        | Reached XP level 12. HP: 118/118 MP: 2/28
    13 | D        | Noticed a bag of meat
    13 | D        | Noticed a bag of meat
    13 | D        | Noticed a bag of meat
    13 | D        | Noticed a bag of meat
    13 | D        | Noticed a bag of meat
    13 | D        | Noticed a bag of meat
    13 | D        | Noticed a bag of meat
    13 | D        | Noticed a meat berserker
    13 | D        | Killed a meat berserker
    13 | D        | Reached * piety under Makhleb
    13 | D        | Reached skill level 18 in Fighting
    13 | D        | Reached skill level 15 in Dodging
    13 | D        | Reached XP level 13. HP: 26/135 MP: 2/33
    13 | D        | Reached XP level 14. HP: 28/144 MP: 2/34
    13 | D        | Killed a bag of meat
    13 | D        | Reached skill level 19 in Fighting
    13 | D        | Killed a bag of meat
    13 | D        | Reached skill level 20 in Fighting
    13 | D        | Reached XP level 15. HP: 30/156 MP: 2/37
    13 | D        | Killed a meat berserker
    13 | D        | Reached ** piety under Makhleb
    13 | D        | Reached skill level 22 in Fighting
    13 | D        | Reached XP level 16. HP: 33/170 MP: 2/39
    13 | D        | Demolished by a meat berserker

Skill      XL: |  1  2  3  4  5  6  7  8  9 10 11 12 13 14 15 |
---------------+----------------------------------------------+-----
Fighting       | 14 18 20 22 | 22.3
Axes           | 13 16 18 20 | 20.5
Throwing       | 2 |  2.5
Armour         | 4 7 8 9 |  9.1
Dodging        | 12 15 17 18 | 18.7
Spellcasting   | 13 17 19 20 | 20.5
Translocations | |  2.6

Action                   |  1- 3 |  4- 6 |  7- 9 | 10-12 | 13-15 | 16-18 || total
-------------------------+-------+-------+-------+-------+-------+-------++-------
Melee: Executioner's axe |     1 |       |       |     1 |       |       ||     2
Dodge: Dodged            |       |       |       |       |       |     1 ||     1
